 Dungeon Crawl Stone Soup version 0.28.0-43-g3370ac3207 (webtiles) character file.

Game seed: 5361045201807701962

63 H0rd4k the Magician (level 3, 0/19 HPs)
             Began as a Deep Elf Hedge Wizard on Mar 9, 2022.
             Killed from afar by an orc wizard (19 damage)
             ... with a puff of flame
             ... on level 4 of the Dungeon.
             The game lasted 00:03:02 (2720 turns).

H0rd4k the Magician (Deep Elf Hedge Wizard)         Turns: 2720, Time: 00:03:02

Health: 0/19       AC:  2    Str:  7    XL:     3   Next: 87%
Magic:  9/12       EV: 12    Int: 20    God:
Gold:   77         SH:  0    Dex: 14    Spells: 2/14 levels left

rFire   x . .      SeeInvis .   a - +0 dagger
rCold   + . .      Faith    .   (no shield)
rNeg    . . .      Spirit   .   b - +0 robe
rPois   .          Reflect  .   c - +0 hat
rElec   .          Harm     .   (no cloak)
rCorr   .          Rampage  .   (no gloves)
Will    .....                   (no boots)
Stlth   ++........              (no amulet)
HPRegen 0.06/turn               d - ring of ice
MPRegen 0.13/turn               (no ring)

@: no status effects
A: no striking features
a: no special abilities


You were on level 4 of the Dungeon.
You visited 1 branch of the dungeon, and saw 4 of its levels.

You collected 77 gold pieces.

Inventory:

Hand Weapons
 a - a +0 dagger (weapon)
Armour
 b - a +0 robe (worn)
 c - a +0 hat (worn)
Jewellery
 d - a ring of ice (left hand)
Scrolls
 f - 2 scrolls of identify {unknown}
 g - 3 scrolls of torment {unknown}
Potions
 e - 2 potions of invisibility {unknown}
 h - a potion of resistance {unknown}
 i - a potion of degeneration {unknown}
 j - a potion of heal wounds {unknown}


   Skills:
 + Level 2.7 Dodging
 - Level 2.4 Stealth
 + Level 6.1 Spellcasting
 + Level 2.1 Conjurations
 + Level 1.2 Summonings
 + Level 1.1 Translocations


You had 2 spell levels left.
You knew the following spells:

 Your Spells              Type           Power      Damage    Failure   Level
a - Magic Dart            Conj           56%        1d5       4%          1
b - Blink                 Tloc           20%        N/A       10%         2
c - Conjure Flame         Conj/Fire      10%        6-21      21%         3
d - Gell's Gravitas       Tloc           10%        N/A       21%         3
e - Mephitic Cloud        Conj/Pois/Air  8%         N/A       24%         3

Your spell library contained the following spells:

 Spells                   Type           Power      Damage    Failure   Level
 Call Imp                 Summ           11%        N/A       10%         2
 Slow                     Hex            24%        N/A       11%         1
 Lesser Beckoning         Tloc           10%        N/A       21%         3
 Teleport Other           Tloc           10%        N/A       21%         3


Dungeon Overview and Level Annotations

Branches:
Dungeon (4/15)
 Temple: D:4-7

Altars:
Trog
Yredelemnul

Shops:
D:2 [

Annotations:
D:2 Sigmund
D:3 exclusions: ice beast and zombie


Message History

You start memorising the spell.
You continue memorising. x2
You finish memorising.
Spell assigned to 'b'.
This spell is extremely dangerous to cast!
Memorise Conjure Flame, consuming 3 spell levels and leaving 8?
You start memorising the spell.
You continue memorising. x3
You finish memorising.
Spell assigned to 'c'.
This spell is extremely dangerous to cast!
Memorise Gell's Gravitas, consuming 3 spell levels and leaving 5?
You start memorising the spell.
You continue memorising. x3
You finish memorising.
Spell assigned to 'd'.
This spell is potentially lethal to cast!
Memorise Mephitic Cloud, consuming 3 spell levels and leaving 2?
You start memorising the spell.
You continue memorising. x3
You finish memorising.
Spell assigned to 'e'.
Unknown command.
Partly explored, can't reach some places.
Partly explored, can't reach some places.
(D) Dungeon
Where to? (? - help)
There is an open door here.
There is a stone staircase leading down here.
You climb downwards.
There is a stone staircase leading up here.
Key pressed, stopping travel.
An orc comes into view.
It is wielding a +0 dagger and quivering boomerangs of dispersal.
An orc wizard comes into view. It is wielding a +0 dagger.
There are monsters nearby!
There are monsters nearby!
The magic dart hits the orc wizard.
The orc wizard is lightly wounded.
The orc wizard shouts!
The orc shouts!
There is a stone staircase leading up here.
The magic dart hits the orc wizard.
The orc wizard is moderately wounded.
The magic dart hits the orc wizard.
The orc wizard is heavily wounded.
The orc wizard gestures at you while chanting.
The puff of flame hits you!! The fire burns you terribly!
Ouch! That really hurt!
You die...

###+#####
#........
#....o...
#....o...
#........
+#########........
...............#
...............#
.......@.......#
...............#
...............#
....############
... .. .


You could see an orc wizard and an orc.

Vanquished Creatures
  3 adders (D:3)
  A worm (D:3)
  2 ball pythons (D:3)
  7 bats
  3 endoplasms
  A goblin (D:1)
  3 hobgoblins
  A jackal (D:1)
  A quokka (D:2)
  3 frilled lizards
  3 kobolds
  4 rats
32 creatures vanquished.

Notes
Turn   | Place    | Note
-------+----------+-------------------------------------------
     0 | D:1      | H0rd4k the Deep Elf Hedge Wizard began the quest for the
                  | Orb.
     0 | D:1      | Reached XP level 1. HP: 10/10 MP: 7/7
   300 | D:1      | Reached skill level 5 in Spellcasting
   316 | D:1      | Found a faded altar of an unknown god.
   340 | D:1      | Reached XP level 2. HP: 15/15 MP: 5/10
   536 | D:1      | You fall into a shaft and drop 1 floor!
   644 | D:2      | Found Ekecul's Armour Boutique.
   775 | D:2      | Noticed Sigmund
  1117 | D:3      | Reached XP level 3. HP: 19/19 MP: 2/12
  1513 | D:3      | Reached skill level 6 in Spellcasting
  1587 | D:3      | Noticed an ice beast
  2549 | D:3      | Found a basalt altar of Yredelemnul.
  2549 | D:3      | Found a bloodstained altar of Trog.
  2685 | D:3      | Learned a level 2 spell: Blink
  2689 | D:3      | Learned a level 3 spell: Conjure Flame
  2693 | D:3      | Learned a level 3 spell: Gell's Gravitas
  2697 | D:3      | Learned a level 3 spell: Mephitic Cloud
  2720 | D:4      | Killed from afar by an orc wizard

Illustrated notes

Levels and vault maps discovered:
D:1:      wander_arrival_chamber, layout_basic,
          dreamdust_ecumenical_altar_statues
D:2:      layout_loops_ring, serial_shops, nicolae_shop_hallway_stairs,
          minmay_cut_off, uniq_terence, uniq_sigmund
D:3:      layout_basic, gammafunk_temple_overflow_elements, serial_rivers,
          chequers_serial_rivers_room_a, chequers_serial_rivers_marsh,
          chequers_serial_rivers_micro_d, chequers_serial_rivers_room_a,
          chequers_serial_rivers_room_b, chequers_serial_rivers_micro_e
D:4:      layout_gridville, minmay_temple_entry_large_hall

Skill      XL: |  1  2  3 |
---------------+----------+-----
Spellcasting   | 5 6 |  6.1
Conjurations   | 2 |  2.1
Dodging        | |  2.7
Stealth        | |  2.4
Summonings     | |  1.2
Translocations | |  1.1

Action                   || total
-------------------------++-------
 Cast: Magic Dart        ||   105
Armor: Robe              ||     3
Dodge: Dodged            ||    11
